 Crawl Stoat Soup version 0.23-ish-327-92-g4e138c7aa0 (console) character file.

1523 ceb the Scholar of Death (level 8, -7/41 HPs)
             Began as a Faerie Dragon Necromancer on Apr 5, 2024.
             Was a Follower of Kikubaaqudgha.
             Mangled by an ogre
             ... wielding a +0 giant club
              (23 damage)
             ... on level 8 of the Dungeon.
             The game lasted 00:12:47 (5245 turns).

ceb the Scholar of Death (FDNe)                     Turns: 5245, Time: 00:12:48

Health: -7/41      AC:  7    Str:  8    XL:     8   Next: 84%
Magic:  15/15 (18) EV: 18    Int: 25    God:    Kikubaaqudgha [*.....]
Gold:   243        SH:  6    Dex: 15    Spells: 9/21 levels left

rFire    . . .     SeeInvis .   x - +3 mace {protect, *Contam rPois rN+++ Int+4}
rCold    . . .     Gourm    .   (shield restricted)
rNeg     + + +     Faith    .   (armour unavailable)
rPois    +         Spirit   .   (helmet restricted)
rElec    .         Warding  .   (no cloak)
rCorr    .         Reflect  .   p - +0 pair of gloves
MR       .....     Harm     .   (no boots)
Stlth    +.........             (no amulet)
HPRegen  1.13/turn              (no ring)
MPRegen  0.16/turn              (no ring)

@: flying, regenerating, 3 MP reserved for charms, 0.12 MP regen used to sustain
charms
A: small, sparkly, unfitting armour, agile 1, frail 1, mutation resistance 1,
strong 1, magic attunement, magical scales, able to fly
a: Stop Flying, Receive Corpses, Renounce Religion, End Permanent Enchantments


You were on level 8 of the Dungeon.
You worshipped Kikubaaqudgha.
Kikubaaqudgha was aware of your devotion.
You were not hungry.

You visited 2 branches of the dungeon, and saw 8 of its levels.

You collected 379 gold pieces.
You spent 136 gold pieces at shops.

Inventory:

Hand Weapons
 a - a +0 short sword
 d - a +0 trident
 o - a +1 falchion
 x - the +3 mace of the Dungeon (weapon) {protect, *Contam rPois rN+++ Int+4}
   (You found it on level 6 of the Dungeon)

   It protects the one who uses it against injury (+AC on strike).
   It affects your intelligence (+4).
   It protects you from poison.
   It renders you almost immune to negative energy.
   It causes magical contamination when unequipped.
 B - the +7 hunting sling "Jintoi" {velocity, Dex+2, unknown}
   (You found it on level 7 of the Dungeon)

   Any stone fired from it inflicts extra damage.
   It affects your dexterity (+2).
Armour
 p - a +0 pair of gloves (worn)
Jewellery
 f - an uncursed ring of magical power {unknown}
 k - a +4 amulet of reflection {unknown}
 l - a cursed ring of stealth {unknown}
Wands
 v - a wand of iceblast (10 charges)
Scrolls
 e - 4 scrolls of remove curse {unknown}
 q - a scroll of amnesia
 r - a scroll of fear
 t - 3 scrolls of teleportation {unknown}
 w - a scroll of magic mapping
 y - a scroll of vulnerability
 A - a scroll of fog
Potions
 b - 4 potions of lignification {unknown}
 g - 2 potions of heal wounds {unknown}
 h - 3 potions of agility {unknown}
 i - a potion of invisibility {unknown}
 m - 2 potions of curing {unknown}
 n - 2 potions of magic {unknown}
 s - 3 potions of mutation
 u - a potion of resistance {unknown}
 z - a potion of haste
 D - a potion of brilliance
Comestibles
 c - 5 bread rations
 j - a meat ration
 C - 3 chunks of flesh


   Skills:
 + Level 7.1 Dodging
 - Level 1.2 Stealth
 + Level 7.2 Spellcasting
 + Level 8.9 Necromancy


You had 9 spell levels left.
You knew the following spells:

 Your Spells              Type           Power        Failure   Level  Hunger
a - Necrotise             Necr           25/25        1%          1    None
b - Regeneration          Chrm/Necr      31/200       11%         4    None
c - Animate Dead          Necr           N/A          1%          4    None
d - Vampiric Draining     Necr           52/200       1%          3    None

Your spell library contained the following spells:

 Spells                   Type           Power        Failure   Level  Hunger
 Corpse Rot               Necr           N/A          1%          2    None
 Sublimation of Blood     Necr           52/200       1%          2    None
 Shroud of Golubria       Chrm/Tloc      9/50         10%         2    None
 Mephitic Cloud           Conj/Pois/Air  9/100        21%         3    None
 Recall                   Summ/Tloc      N/A          21%         3    None
 Force Lance              Conj/Tloc      9/100        54%         4    None
 Disjunction              Tloc           9/200        100%        8    None


Dungeon Overview and Level Annotations

Branches:
Dungeon (8/15)             Temple (1/1) D:4
   Lair: D:8-11

Altars:
Ashenzari
Cheibriados
Elyvilon
Fedhas
Hepliaklqana Ihp'ix
Kikubaaqudgha
Makhleb
Nemelex Xobeh
Qazlal
Ru
Sif Muna
Trog
Vehumet
Wu Jian
Xom
Yredelemnul
Zin

Shops:
D:6 *


Innate Abilities, Weirdness & Mutations

Your sparkly wings attract attention (Stealth-).
You are small and have problems with some larger weapons.
You cannot fit into any form of body armour.
Your spells do not cause hunger; their MP costs are reduced by 1.
Your shimmering scales repel attacks (AC +6, SH +6).
You can fly continuously.
You are agile. (Dex +2)
You are frail. (-10% HP)
You are somewhat resistant to further mutation.
Your muscles are strong. (Str +2)


Message History

Aiming: Necrotise (safe; 1% risk of failure)
Press: ? - help, Shift-Dir - straight line, f - ogre
Aim: an ogre, wielding a giant club (chance to defeat MR: 84%)
The ogre writhes in agony.
Casting: Necrotise (safe; 1% risk of failure)
Confirm with . or Enter, or press ? or * to list all spells.
Aiming: Necrotise (safe; 1% risk of failure)
Press: ? - help, Shift-Dir - straight line, f/p - ogre
Aim: an ogre, wielding a giant club (lightly wounded, chance to defeat MR: 84%)
The ogre writhes in agony.
The ogre barely misses you.
Casting: Necrotise (safe; 1% risk of failure)
Confirm with . or Enter, or press ? or * to list all spells.
Aiming: Necrotise (safe; 1% risk of failure)
Press: ? - help, Shift-Dir - straight line, f/p - ogre
Aim: an ogre, wielding a giant club (lightly wounded, chance to defeat MR: 84%)
The ogre writhes in agony!
The orc warrior barely misses you. The ogre hits you with a giant club!!
Ouch! That really hurt!
You die...
Kikubaaqudgha rasps: "You have failed me!
Welcome... death!"

#...########.#
#.#....oO@..#
#....o...####
#######.####.#
........# #.#
######..####.########
#...............
.......#############
######.# #.# #.# #.#
#.# #.


You could see an orc warrior, an ogre and an orc.

Vanquished Creatures
  2 water moccasins (D:7)
  2 ice beasts
  2 sky beasts (D:7)
  2 centaurs
  A bullfrog (D:7)
  4 killer bees (D:7)
  A goliath beetle (D:7)
  A howler monkey (D:6)
  A centaur zombie (D:6)
  2 hounds (D:6)
  An orc wizard (D:6)
  An iguana (D:7)
  2 killer bee zombies
  5 adders
  A shadow imp (D:7)
  2 ufetubi (D:7)
  4 worms
  4 dart slugs
  2 leopard geckos
  15 orcs
  2 giant cockroaches
  6 goblins
  10 hobgoblins
  11 jackals
  3 weasels
  A ball python (D:1)
  5 bats
  4 frilled lizards
  10 kobolds
  4 rats
  A weasel skeleton (D:4)
112 creatures vanquished.

Vanquished Creatures (collateral kills)
  A centaur (D:6)
  A bullfrog skeleton (D:6)
  A centaur skeleton (D:7)
  A shadow imp (D:3)
  2 rats
6 creatures vanquished.

Grand Total: 118 creatures vanquished

Notes
Turn   | Place    | Note
-------+----------+-------------------------------------------
     0 | D:1      | ceb the Faerie Dragon Necromancer began the quest for the
                  | Orb.
     0 | D:1      | Reached XP level 1. HP: 11/11 MP: 3/3
   143 | D:1      | Reached skill level 5 in Necromancy
   143 | D:1      | Reached XP level 2. HP: 15/17 MP: 3/5
   742 | D:1      | Reached XP level 3. HP: 21/21 MP: 7/7
   969 | D:2      | Reached XP level 4. HP: 27/27 MP: 9/9
   979 | D:2      | Learned a level 4 spell: Regeneration
   984 | D:2      | Learned a level 4 spell: Animate Dead
  1660 | D:3      | Found a basalt altar of Yredelemnul.
  1669 | D:3      | Reached XP level 5. HP: 31/31 MP: 7/10
  1887 | D:3      | Found a white marble altar of Elyvilon.
  2436 | D:4      | Learned a level 3 spell: Vampiric Draining
  2458 | D:4      | Found a staircase to the Ecumenical Temple.
  2467 | Temple   | Entered the Ecumenical Temple
  2694 | Temple   | Became a worshipper of Kikubaaqudgha
  2777 | D:4      | Found an ornate altar of the Wu Jian Council.
  2958 | D:4      | You are sucked into a shaft for 2 floors!
  2958 | D:6      | Noticed an ice beast
  2967 | D:6      | Killed an ice beast
  2967 | D:6      | Reached skill level 6 in Necromancy
  2967 | D:6      | Reached XP level 6. HP: 4/36 MP: 6/12
  3481 | D:6      | Got an ichor-stained mace
  3482 | D:6      | Identified the +3 mace of the Dungeon {protect, *Contam
                  | rPois rN+++ Int+4} (You found it on level 6 of the Dungeon)
  3568 | D:6      | Reached skill level 5 in Spellcasting
  3724 | D:6      | Found Uheps's Assorted Antiques.
  3730 | D:6      | Bought a white potion for 31 gold pieces
  3730 | D:6      | Bought a scroll labeled UMEMUY FAEMP for 35 gold pieces
  3730 | D:6      | Bought a scroll labeled NUNEIVV FINT for 35 gold pieces
  3730 | D:6      | Bought a scroll labeled PIEHI FENYGH for 35 gold pieces
  3737 | D:6      | Identified the Incunabulum of the Harmful Voyage
  3766 | D:6      | Reached skill level 5 in Dodging
  3766 | D:6      | Reached XP level 7. HP: 41/41 MP: 11/14
  3839 | D:6      | Reached skill level 7 in Necromancy
  4306 | D:7      | Got a bloodstained hunting sling
  4327 | D:7      | You are sucked into a shaft!
  4597 | D:7      | Reached XP level 8. HP: 32/46 MP: 12/17
  4601 | D:7      | Gained mutation: You are agile. (Dex +2) [mutagenic meat]
  4602 | D:7      | Gained mutation: Your muscles are strong. (Str +2)
                  | [mutagenic meat]
  4603 | D:7      | Gained mutation: You are somewhat resistant to further
                  | mutation. [mutagenic meat]
  4605 | D:7      | Gained mutation: You are frail. (-10% HP) [mutagenic meat]
  4644 | D:7      | Reached skill level 8 in Necromancy
  5166 | D:7      | Reached * piety under Kikubaaqudgha
  5166 | D:7      | Identified Kikubaaqudgha's Guide on Unholy Rituals
                  | (Kikubaaqudgha gifted it to you on level 7 of the Dungeon)
  5166 | D:7      | Received a gift from Kikubaaqudgha
  5245 | D:8      | Mangled by an ogre

Vault maps used:
D:1:      tarquinn_simple_flora_water_c, serial_forest,
          infiniplex_forest_straight_2, infiniplex_forest_straight_1,
          infiniplex_forest_clump_tiny, infiniplex_forest_lined_ring,
          infiniplex_forest_lined_room_2
D:3:      yredelemnul_altar_generic, elyvilon_altar_1
D:4:      nicolae_overflow_crystal_walls, minmay_temple_entry_trees
D:6:      serial_shops, nicolae_shop_trees
D:8:      marbit_many_paths, basic_altar, grunt_livestock, trog_wizard
Temple:   regret_index_temple_generic_petals

Skill      XL: |  1  2  3  4  5  6  7  8 |
---------------+-------------------------+-----
Necromancy     | 5 6 7 8 |  8.9
Spellcasting   | 3 4 5 6 7 |  7.2
Dodging        | 3 4 5 6 7 |  7.1
Stealth        | |  1.2

Action                   |  1- 3 |  4- 6 |  7- 9 || total
-------------------------+-------+-------+-------++-------
Melee: Short sword       |       |     5 |       ||     5
       Falchion          |       |     7 |       ||     7
       Mace              |       |     8 |    68 ||    76
 Cast: Necrotise         |    47 |   132 |    78 ||   257
       * Regeneration    |       |    22 |    18 ||    40
       Vampiric Draining |       |     3 |     6 ||     9
       Animate Dead      |       |       |     3 ||     3
  Use: Scroll            |       |       |    10 ||    10
  Eat: Chunk             |       |     7 |     8 ||    15
       Bread ration      |       |       |     1 ||     1
Armor: Skin              |     3 |    14 |    48 ||    65
Dodge: Dodged            |     5 |    43 |   170 ||   218
Block: Other             |     3 |    20 |    55 ||    78
       Rpst.: Falchion   |       |     7 |       ||     7
* Casting counts for permanent charms are approximate representations of how often the player would have had to cast a non-permanent spell for the same benefits.

Table legend:
 A = Spawn XP
 B = Non-spawn XP
 C = Spawn XP percentage of total XP
 D = Spawn monster count
 E = Non-spawn monster count
 F = Spawn count percentage of total count
 G = Total turns spent on level
                    A         B        C        D         E        F      G
               +---------+---------+-------+---------+---------+-------+---------
         Total |     589 |    1587 |  27.1 |      16 |     102 |  13.6 |  5245
               +---------+---------+-------+---------+---------+-------+---------
           D:1 |       3 |      36 |   7.7 |       2 |      20 |   9.1 |   852
           D:2 |       0 |      79 |   0.0 |       0 |      19 |   0.0 |   631
           D:3 |       5 |      85 |   5.6 |       4 |      28 |  12.5 |   811
           D:4 |       0 |      19 |   0.0 |       0 |      10 |   0.0 |   403
           D:6 |      75 |     576 |  11.5 |       2 |      12 |  14.3 |  1322
           D:7 |     506 |     792 |  39.0 |       8 |      13 |  38.1 |   862
               +---------+---------+-------+---------+---------+-------+---------
